 Dungeon Crawl Stone Soup version 0.27-a0-1548-gf8a67e7463 (webtiles) character file.

Game seed: 6944041023534776295

20763 Demosthentine the Spear-Bearer (level 12, -1/150 HPs)
             Began as a Merfolk Gladiator on July 13, 2021.
             Was a Believer of the Shining One.
             Slain by Rupert (15 damage)
             ... while paralysed by Rupert
             ... on level 13 of the Dungeon.
             The game lasted 00:13:49 (17422 turns).

Demosthentine the Spear-Bearer (Merfolk Gladiator) Turns: 17422, Time: 00:13:50

Health: -1/150     AC:  9    Str: 22    XL:     12   Next: 82%
Magic:  16/16      EV:  2    Int:  8    God:    the Shining One [**....]
Gold:   169        SH:  0    Dex: 18    Spells: 11/11 levels left

rFire    . . .     SeeInvis .   a - +1 trident
rCold    . . .     Faith    .   e - +0 buckler
rNeg     + . .     Spirit   .   F - +0 troll leather armour
rPois    .         Reflect  .   c - +0 helmet
rElec    .         Harm     .   m - +0 cloak
rCorr    .         Rampage  .   (no gloves)
Will     .....                  h - +0 pair of boots
Stlth    ..........             u - amulet of magic regeneration
HPRegen  1.35/turn              f - +6 ring of strength
MPRegen  0.40/turn              (no ring)

@: paralysed, berserking (expiring), divinely shielded, glowing, studying Armour
A: (nimble swimmer 2), mertail
a: Renounce Religion, Divine Shield


You were on level 13 of the Dungeon.
You worshipped the Shining One.
The Shining One was pleased with you.
You visited 2 branches of the dungeon, and saw 14 of its levels.

You collected 1749 gold pieces.
You spent 1580 gold pieces at shops.

Inventory:

Hand Weapons
 a - a +1 trident (weapon)
Armour
 c - a +0 helmet (worn)
 e - a +0 buckler (worn)
 h - a +0 pair of boots (worn)
 m - a +0 cloak (worn)
 F - a +0 troll leather armour (worn)
Jewellery
 f - a +6 ring of strength (left hand)
 u - an amulet of magic regeneration (around neck)
Wands
 d - a wand of paralysis (23)
 o - a wand of acid (9)
 p - a wand of flame (15)
 q - a wand of mindburst (23)
 w - a wand of charming (3)
 y - a wand of digging (3)
 E - a wand of polymorph (8)
 G - a wand of iceblast (9)
Scrolls
 b - 2 scrolls of fog
 l - 3 scrolls of silence
 n - 4 scrolls of enchant weapon
 s - 8 scrolls of teleportation
 x - 3 scrolls of amnesia
 D - a scroll of summoning
 H - a scroll of identify
Potions
 g - a potion of brilliance
 i - 2 potions of ambrosia {unknown}
 j - 4 potions of curing
 k - a potion of flight
 r - 2 potions of cancellation
 t - 2 potions of lignification
 v - a potion of resistance
 A - a potion of haste
 B - a potion of attraction
 I - a potion of degeneration {unknown}
 J - a potion of heal wounds


   Skills:
 + Level 11.4 Fighting
 + Level 14.5 Polearms
 - Level 2.0 Throwing
 + Level 7.3 Armour
 + Level 13.5 Dodging
 - Level 4.0 Shields
 - Level 5.9 Invocations


You had 11 spell levels left.
You didn't know any spells.
Your spell library contained the following spells:

 Spells                   Type           Power      Damage    Failure   Level
 Beastly Appendage        Tmut           0%         N/A       43%         1
 Corona                   Hex            0%         N/A       43%         1
 Freeze                   Ice            0%         1d3       43%         1
 Ensorcelled Hibernation  Hex/Ice        0%         N/A       58%         2
 Wereblood                Tmut           0%         N/A       58%         2
 Frozen Ramparts          Ice            0%         1d2       82%         3
 Gell's Gravitas          Tloc           0%         N/A       82%         3
 Inner Flame              Hex/Fire       0%         N/A       82%         3
 Lesser Beckoning         Tloc           0%         N/A       82%         3
 Ozocubu's Armour         Ice            0%         N/A       82%         3
 Spider Form              Tmut/Pois      0%         N/A       82%         3
 Teleport Other           Tloc           0%         N/A       82%         3
 Tukima's Dance           Hex            0%         N/A       82%         3
 Cause Fear               Hex            0%         N/A       99%         4
 Hailstorm                Conj/Ice       0%         3d3       99%         4
 Dispersal                Tloc           0%         N/A       100%        6
 Ozocubu's Refrigeration  Ice            0%         4d5       100%        7
 Discord                  Hex            0%         N/A       100%        8


Dungeon Overview and Level Annotations

Branches:
Dungeon (13/15)            Temple (1/1) D:6            Lair (0/6) D:8
    Orc (0/2) D:11
 Vaults: D:13-14

Altars:
Ashenzari
Cheibriados
Dithmenos
Elyvilon
Fedhas
Gozag
Hepliaklqana
Kikubaaqudgha
Makhleb
Nemelex Xobeh
Okawaru
Qazlal
Ru
Sif Muna
Trog
Uskayaw
Vehumet
Wu Jian
Xom
Yredelemnul
Zin
The Shining One

Shops:
D:2 (   D:8 **   D:9 ?(   D:11 *

Annotations:
D:11 2 transporters, dolemite99's ghost, journeyman MiFi
D:13 Rupert


Innate Abilities, Weirdness & Mutations

((You are quick and stealthy near water. (Stealth+, EV+, Speed+++)))
Your lower body shifts to a powerful aquatic tail in water.


Message History

Unknown command.
Unknown command.
You puncture Rupert!
Rupert is moderately wounded.
Unknown command.
You puncture Rupert!
Rupert is moderately wounded.
Rupert roars wildly at you.
You struggle to resist.
You impale Rupert!!
Rupert is heavily wounded.
The acid dragon changes into a worm!
You puncture Rupert!
Rupert is severely wounded.
You block Rupert's attack.
Unknown command.
You hit Rupert but do no damage.
Rupert is severely wounded.
Unknown command.
You puncture Rupert!
Rupert is severely wounded.
You block Rupert's attack.
Unknown command.
You puncture Rupert!
Rupert is almost dead.
Rupert yells loudly at you.
You suddenly lose the ability to move!
Rupert hits you with a +0 great mace of protection!
* * * LOW HITPOINT WARNING * * *
The worm changes into a wyvern!
Rupert hits you with a +0 great mace of protection!!
The Shining One protects you from harm! Rupert roars wildly at you.
You shrug off the repeated paralysis!
Rupert completely misses you. Rupert yells loudly at you.
You shrug off the repeated paralysis!
Rupert screams, "Give me the Holy Grail!"
Rupert hits you with a +0 great mace of protection!
You die...

#..........>.#
#............#
#............#
#########.####
#..# # #.## #
#.# # #.#
##### #@#
....# #@#
>...#


.Wl ....# ..... ....# ....... ....# ......... ....+ ..........# ....#
...........# ##### You could see Rupert (fast), a wraith and a wyvern shaped
shifter.

Vanquished Creatures
  4 hydras
  A boulder beetle (D:12)
  6 two-headed ogres
  A sixfirhy (D:10)
  Pikel (D:5)
  2 manticores (D:13)
  3 slime creatures (D:13)
  Maggie (D:9)
  Psyche (D:9)
  2 komodo dragons (D:10)
  A tengu conjurer (D:13)
  3 trolls
  Sigmund (D:5)
  2 shadows
  A wraith (D:11)
  3 wyverns
  A basilisk (D:10)
  15 yaks
  Eustachio (D:5)
  A steam dragon (D:9)
  2 vampire mosquitoes (D:12)
  Menkaure (D:7)
  An acid dragon (D:11)
  A water moccasin (D:8)
  7 orc warriors
  3 sky beasts (D:6)
  A black bear (D:7)
  2 ogres
  2 necrophages (D:6)
  3 centaurs
  2 lemures (D:5)
  A phantom (D:6)
  A kobold brigand (D:6)
  6 bullfrogs
  A gnoll sergeant (D:11)
  4 scorpions
  4 killer bees (D:11)
  5 centaur zombies
  A jelly (D:5)
  3 gnoll shamans
  4 hounds
  4 orc priests
  Crazy Yiuf (D:6)
  A centaur skeleton (D:6)
  7 iguanas
  10 orc wizards
  Robin (D:3)
  A howler monkey skeleton (D:5)
  10 adders
  26 gnolls
  2 shadow imps
  2 white imps (D:7)
  An ufetubus (D:6)
  3 worms
  5 dart slugs
  46 orcs
  8 endoplasms
  A giant cockroach (D:2)
  7 goblins
  4 hobgoblins
  9 kobolds
  2 quokkas (D:1)
  3 ball pythons
  2 bats (D:2)
  4 frilled lizards
  4 rats
270 creatures vanquished.

Vanquished Creatures (others)
  9 fungi
  15 plants
24 creatures vanquished.

Grand Total: 294 creatures vanquished

Notes
Turn   | Place    | Note
-------+----------+-------------------------------------------
     0 | D:1      | Demosthentine the Merfolk Gladiator began the quest for the
                  | Orb.
     0 | D:1      | Reached XP level 1. HP: 16/16 MP: 1/1
   154 | D:1      | Reached XP level 2. HP: 20/23 MP: 2/2
   303 | D:1      | Found a faded altar of an unknown god.
   778 | D:2      | Reached XP level 3. HP: 28/28 MP: 3/3
   895 | D:2      | Reached skill level 1 in Armour
  1183 | D:2      | Reached skill level 5 in Polearms
  1184 | D:2      | Reached XP level 4. HP: 28/35 MP: 4/4
  1568 | D:2      | Reached skill level 5 in Dodging
  1629 | D:2      | Found a sacrificial altar of Ru.
  1746 | D:2      | Reached XP level 5. HP: 27/41 MP: 5/5
  2002 | D:2      | Found Foumpuh's Antique Weapon Emporium.
  2316 | D:3      | Found a shimmering altar of Xom.
  2317 | D:3      | Found a glowing silver altar of Zin.
  2317 | D:3      | Noticed an angel
  2561 | D:3      | Noticed Robin
  2566 | D:3      | Killed Robin
  2664 | D:3      | Found a broken altar of Ashenzari.
  3563 | D:4      | Reached XP level 6. HP: 47/48 MP: 6/6
  3646 | D:4      | Found a sacrificial altar of Ru.
  3907 | D:5      | Entered Level 5 of the Dungeon
  3916 | D:5      | Noticed Eustachio
  3920 | D:5      | Reached skill level 6 in Polearms
  3924 | D:5      | Found an opulent altar of Gozag.
  3931 | D:5      | Found a burning altar of Makhleb.
  3941 | D:5      | Killed Eustachio
  3942 | D:5      | Reached skill level 1 in Shields
  4310 | D:5      | Noticed Pikel
  4350 | D:5      | Killed Pikel
  4351 | D:5      | Reached skill level 7 in Polearms
  4351 | D:5      | Reached XP level 7. HP: 5/55 MP: 7/7
  4658 | D:5      | Reached XP level 8. HP: 60/61 MP: 8/8
  4692 | D:5      | Noticed Sigmund
  4713 | D:5      | HP: 2/61 [something/magic dart (5)]
  4720 | D:5      | Killed Sigmund
  4721 | D:5      | Reached skill level 5 in Fighting
  5570 | D:5      | Found a hazy altar of Hepliaklqana.
  5733 | D:5      | Reached skill level 8 in Polearms
  6159 | D:6      | Found a staircase to the Ecumenical Temple.
  6168 | Temple   | Entered the Ecumenical Temple
  6453 | Temple   | Became a worshipper of Elyvilon the Healer
  6841 | D:6      | Identified the +5 mace "Jellyslayer" {protect, Int+4}
  7301 | D:6      | Reached XP level 9. HP: 69/69 MP: 9/9
  7477 | D:6      | Reached * piety under Elyvilon
  7543 | D:6      | Reached skill level 9 in Polearms
  8627 | D:6      | Found a runed translucent door.
  8628 | D:6      | Noticed Crazy Yiuf
  8635 | D:6      | Killed Crazy Yiuf
  8849 | D:7      | Found a basalt altar of Yredelemnul.
  9398 | D:7      | Reached skill level 10 in Polearms
  9841 | D:7      | Found a sparkling altar of Nemelex Xobeh.
  9873 | D:7      | Noticed Menkaure
  9884 | D:7      | Killed Menkaure
  9885 | D:7      | Reached XP level 10. HP: 19/79 MP: 10/10
 10301 | D:7      | Reached skill level 5 in Armour
 10317 | D:7      | Reached ** piety under Elyvilon
 10493 | D:8      | Noticed a two-headed ogre
 10518 | D:8      | Killed a two-headed ogre
 10519 | D:8      | Reached skill level 10 in Dodging
 10849 | D:8      | Noticed a two-headed ogre
 10861 | D:8      | Killed a two-headed ogre
 10862 | D:8      | Reached skill level 11 in Polearms
 11203 | D:8      | Found a staircase to the Lair.
 11526 | D:8      | Found a glowing golden altar of the Shining One.
 11554 | D:8      | Found Rolepty's Specific Store.
 11556 | D:8      | Found Dyv Axem's General Store.
 11659 | D:8      | Fell from the grace of Elyvilon
 11659 | D:8      | Became a worshipper of the Shining One
 11659 | D:8      | Reached * piety under the Shining One
 12231 | D:9      | Found a snail-covered altar of Cheibriados.
 12238 | D:9      | Noticed Psyche
 12238 | D:9      | Paralysed by Psyche for 4 turns
 12245 | D:9      | Killed Psyche
 12659 | D:9      | Found Evecar's Magic Scroll Shop.
 12703 | D:9      | Reached skill level 1 in Invocations
 12703 | D:9      | Reached XP level 11. HP: 67/89 MP: 11/11
 12730 | D:9      | Reached skill level 12 in Polearms
 12947 | D:9      | Noticed Maggie
 12981 | D:9      | Killed Maggie
 13229 | D:9      | Found Riurifon's Antique Weapon Shop.
 13241 | D:9      | Bought a glowing trident for 214 gold pieces
 13359 | D:10     | Entered Level 10 of the Dungeon
 13791 | D:10     | Noticed a sixfirhy
 13792 | D:10     | Found a runed translucent door.
 13903 | D:10     | Found a shadowy altar of Dithmenos.
 14822 | D:10     | Killed a sixfirhy
 14823 | D:10     | Reached skill level 10 in Fighting
 14975 | D:11     | Noticed a two-headed ogre
 14975 | D:11     | Reached ** piety under the Shining One
 14982 | D:11     | Killed a two-headed ogre
 14983 | D:11     | Reached skill level 13 in Polearms
 15019 | D:11     | Found Echut's Assorted Antiques.
 15033 | D:11     | Bought an emerald potion for 30 gold pieces
 15033 | D:11     | Bought a scroll labelled UCOF CEXODIODD for 34 gold pieces
 15131 | D:11     | Reached skill level 5 in Invocations
 15207 | D:11     | Noticed a six-headed hydra
 15225 | D:11     | Killed a six-headed hydra
 15241 | D:11     | Reached XP level 12. HP: 47/98 MP: 14/16
 15303 | D:11     | Found a staircase to the Orcish Mines.
 15520 | D:11     | Noticed a two-headed ogre
 15531 | D:11     | Killed a two-headed ogre
 15674 | D:11     | Found a transporter.
 15675 | D:11     | Noticed dolemite99's ghost (journeyman MiFi)
 15676 | D:11     | Identified the +8 dire flail "Puxifem" {holy, Str+4 Dex+3}
 15676 | D:11     | Noticed a two-headed ogre
 15677 | D:11     | Noticed a two-headed ogre
 15678 | D:11     | Found a transporter.
 15747 | D:11     | Acquired 770 gold pieces
 15844 | D:9      | Bought a scroll of acquirement for 832 gold pieces
 15844 | D:9      | Bought a scroll of teleportation for 48 gold pieces
 15844 | D:9      | Bought a scroll of teleportation for 48 gold pieces
 15844 | D:9      | Bought a scroll of identify for 32 gold pieces
 15844 | D:9      | Bought a scroll of enchant weapon for 120 gold pieces
 15844 | D:9      | Bought a scroll of enchant weapon for 120 gold pieces
 15918 | D:11     | Bought a scroll of teleportation for 102 gold pieces
 15918 | D:11     | Acquired a manual of Armour
 15997 | D:12     | Noticed a two-headed ogre
 16007 | D:12     | Killed a two-headed ogre
 16215 | D:12     | Noticed a six-headed hydra
 16225 | D:12     | Killed a six-headed hydra
 16317 | D:12     | Noticed a boulder beetle
 16351 | D:12     | Killed a boulder beetle
 16352 | D:12     | Reached skill level 14 in Polearms
 16642 | D:12     | Noticed a seven-headed hydra
 16650 | D:12     | Killed a seven-headed hydra
 16758 | D:13     | Noticed an eight-headed hydra
 16783 | D:12     | Killed an eight-headed hydra
 17281 | D:13     | Noticed a two-headed ogre
 17294 | D:13     | Killed a two-headed ogre
 17396 | D:13     | Noticed Rupert
 17408 | D:13     | Paralysed by Rupert for 3 turns
 17418 | D:13     | Paralysed by Rupert for 5 turns
 17420 | D:13     | The Shining One protects you from harm!
 17422 | D:13     | Slain by Rupert

Illustrated notes

Levels and vault maps discovered:
D:1:      dpeg_arrival_oval, layout_basic,
          hellmonk_ecumenical_altar_leap_of_faith, skrybe_limestone_x
D:2:      kennysheep_six_static_rooms, layout_basic, basic_altar, serial_shops,
          nicolae_lakefront_shop, kennysheep_crisscross,
          minmay_misc_feat_diagonals
D:3:      layout_basic, grunt_temple_overflow_order_and_chaos_1,
          ashenzari_conservatory_becter, uniq_robin
D:4:      layout_basic, mainiacjoe_overflow_chevrons
D:5:      layout_basic, overflow_temple_1_default, grunt_temple_overflow_open,
          uniq_sigmund, uniq_eustachio, uniq_pikel
D:6:      layout_loops_corners, temple_pool_b, minmay_pentangle,
          uniq_crazy_yiuf_cottage
D:7:      layout_rooms, amcnicky_altar_gilded, nemelex_diamond_rough_becter,
          minmay_fractal_squares_gapless_5, uniq_menkaure
D:8:      layout_loops_cross, tso_altar, dpeg_oklobed_lair,
          nicolae_specific_store, grunt_decor_resistance
D:9:      layout_rooms, cheibriados_altar_1, serial_shops, shop,
          nicolae_shop_behind_doors, uniq_psyche, uniq_maggie
D:10:     cheibrodos_shockbox, layout_stronghold,
          mainiacjoe_overflow_small_starburst, minmay_lizard_king
D:11:     layout_roguey, hiddenorc1_lemuel, serial_shops,
          nicolae_shop_window_shopping, gammafunk_ghost_smash
D:12:     layout_long_grid, minmay_splitting_lines
D:13:     layout_roguey, kennysheep_four_rooms, uniq_rupert
Temple:   jpeg_temple_alley_garden

Skill      XL: |  1  2  3  4  5  6  7  8  9 10 11 12 |
---------------+-------------------------------------+-----
Armour         | 1 2 3 4 5 7 |  7.3
Polearms       | 5 7 8 10 11 13 14 | 14.5
Fighting       | 3 4 6 7 9 10 11 | 11.4
Dodging        | 5 6 7 9 11 12 13 | 13.5
Shields        | 2 4 |  4.0
Invocations    | 1 5 |  5.9
Throwing       | |  2.0

Action                   |  1- 3 |  4- 6 |  7- 9 | 10-12 || total
-------------------------+-------+-------+-------+-------++-------
Melee: Trident           |    58 |   175 |   426 |   793 ||  1452
Throw: Throwing net      |       |     2 |     2 |     5 ||     9
Invok: Divine Shield     |       |       |       |     1 ||     1
  Use: Scroll            |     1 |     5 |     5 |    12 ||    23
       Potion            |       |       |     4 |     6 ||    10
 Stab: Sleeping          |     1 |     2 |     1 |       ||     4
       Held in net/web   |       |     2 |     1 |     2 ||     5
Armor: Leather armour    |     5 |    24 |    45 |    13 ||    87
       Steam dragon scal |       |       |       |    35 ||    35
       Troll leather arm |       |       |       |    48 ||    48
Dodge: Dodged            |    31 |    76 |   206 |   360 ||   673
Block: Buckler           |       |       |    44 |   115 ||   159

Table legend: (Time is in decaauts)
 A = Elapsed time spent in this place.
 B = Non-inter-level travel time spent in this place.
 C = Inter-level travel time spent in this place.
 D = Time resting spent in this place.
 E = Time spent auto-exploring this place.
 F = Levels seen in this place.
 G = Mean time per level.
                   A        B        C        D        E       F      G
               +--------+--------+--------+--------+--------+-----+--------+
         Total |  17094 |  16577 |    517 |    756 |  13588 |  14 | 1221.0 |
       Dungeon |  16784 |  16304 |    480 |    756 |  13367 |  13 | 1291.1 |
        Temple |    310 |    273 |     37 |      0 |    221 |   1 |  310.0 |
               +--------+--------+--------+--------+--------+-----+--------+

Top non-repeatable levels by time:
     D:5: 2412 daAuts
     D:6: 2376 daAuts
     D:8: 1700 daAuts
    D:10: 1620 daAuts
     D:2: 1538 daAuts
     D:7: 1410 daAuts
     D:9: 1156 daAuts
     D:3: 1064 daAuts
    D:12: 850 daAuts
    D:11: 791 daAuts
     D:1: 739 daAuts
     D:4: 564 daAuts
    D:13: 556 daAuts
  Temple: 310 daAuts
